 Dungeon Crawl Stone Soup version 0.30-b1-2-g02819fbbbe (webtiles) character file.

Game seed: 10319781108801392961

41 Alarkh the Trooper (level 3, 29/29 HPs)
             Began as a Demonspawn Artificer on July 11, 2023.
             Got out of the dungeon alive.
             The game lasted 00:01:29 (1108 turns).

Alarkh the Trooper (Demonspawn Artificer)           Turns: 1108, Time: 00:01:29

Health: 29/29      AC:  3    Str: 12    XL:     3   Next: 32%
Magic:  3/3        EV: 11    Int: 14    God:
Gold:   81         SH:  0    Dex: 13    Spells: 2/2 levels left

rFire   + . .        l - staff of fire
rCold   . . .        (no shield)
rNeg    . . .        b - +0 leather armour
rPois   .            (no helmet)
rElec   .            (no cloak)
rCorr   .            (no gloves)
SInv    .            (no boots)
Will    .....        g - amulet of guardian spirit
Stlth   +            (no ring)
HPRegen 0.24/turn    (no ring)
MPRegen 0.08/turn

%: guardian spirit
@: no status effects
A: spiny 1, sturdy frame 1
a: no special abilities


You escaped.
You visited 1 branch of the dungeon, and saw 2 of its levels.

You collected 81 gold pieces.

Inventory:

Hand Weapons
 a - a +0 club
Missiles
 k - 2 datura-tipped darts
Armour
 b - a +0 leather armour (worn)
Magical Staves
 l - a staff of fire (weapon)
Jewellery
 g - an amulet of guardian spirit (around neck)
Wands
 c - a wand of flame (9) (quivered)
 d - a wand of charming (15)
 e - a wand of iceblast (5)
Scrolls
 f - 2 scrolls of identify {unknown}
 j - a scroll of immolation {unknown}
 m - a scroll of enchant armour {unknown}
 n - a scroll of vulnerability {unknown}
 o - a scroll of fog {unknown}
Potions
 h - a potion of flight {unknown}
 i - a potion of degeneration {unknown}


   Skills:
 + Level 3.3 Fighting
 - Level 1.7 Armour
 - Level 0.8 Dodging
 - Level 0.8 Stealth
 - Level 3.0 Evocations


You had 2 spell levels left.
You didn't know any spells.
Your spell library was empty.

Dungeon Overview and Level Annotations

Branches:
Dungeon (2/15)

Altars:


Innate Abilities, Weirdness & Mutations

You are partially covered in sharp spines.
Your movements are slightly less encumbered by armour. (ER -2)


Message History

You hit the ball python.
You kill the ball python!
You see here a +0 robe.
A worm comes into view.
A worm is nearby!
A worm is nearby!
You hit the worm.
The worm is lightly wounded.
You hit the worm.
The worm is moderately wounded.
The worm is struck by your spines. The worm bites you.
You hit the worm.
The worm is heavily wounded.
The worm is struck by your spines. The worm bites you.
You barely miss the worm.
The worm is heavily wounded.
You barely miss the worm.
The worm is heavily wounded.
The worm is struck by your spines. The worm bites you.
You barely miss the worm.
The worm is heavily wounded.
The worm bites you.
You barely miss the worm.
The worm is heavily wounded.
The worm is struck by your spines. The worm bites you.
You hit the worm.
The worm is severely wounded.
You hit the worm.
The worm is almost dead.
The worm is struck by your spines. The worm closely misses you.
You hit the worm.
You kill the worm!
No target in view!
There is a stone staircase leading up here.
You climb upwards.
There is a stone staircase leading down here.
HP restored.
There is a staircase leading out of the dungeon here.
Are you sure you want to leave the Dungeon?
This will make you lose the game!
You have escaped!

#.##.##.# #..#.#
#...#...# ##.##.#
####.#######.###.###
####...#.#...# #...#
..####......## ###.#
.....###.###.### #.#
.###..##..###..###.###
.# ##.###.#.....##...#
.# #...##...##.@###.#
.# #....######### #.#
.# #.#.......># #.# .#
##.#.##.#.#######.# ##
#....##.#.# #....#
####..####.#.# #.####
...#..#....#(####.#
.#.#..#.####......#
.#.#..#.# ########


There were no monsters in sight!

Vanquished Creatures
  An adder (D:2)
  A worm (D:2)
  4 ball pythons
  6 endoplasms (D:1)
  A hobgoblin (D:1)
  4 jackals (D:1)
  2 kobolds (D:1)
  A bat (D:1)
  2 frilled lizards (D:1)
  6 rats (D:1)
28 creatures vanquished.

Notes
Turn   | Place    | Note
-------+----------+-------------------------------------------
     0 | D:1      | Alarkh the Demonspawn Artificer began the quest for the
                  | Orb.
     0 | D:1      | Reached XP level 1. HP: 15/15 MP: 1/1
   354 | D:1      | Gained mutation: Your movements are slightly less
                  | encumbered by armour. (ER -2) [demonic ancestry]
   354 | D:1      | Reached XP level 2. HP: 16/22 MP: 0/2
   881 | D:2      | Gained mutation: You are partially covered in sharp spines.
                  | [demonic ancestry]
   881 | D:2      | Reached XP level 3. HP: 14/29 MP: 3/3
  1108 | D:$      | Got out of the dungeon alive.

Illustrated notes

Levels and vault maps discovered:
D:1:      lemuel_arrival_tunnels, layout_basic, serial_bayou_pond_d
D:2:      layout_basic, uniq_natasha

Skill      XL: |  1  2 |
---------------+-------+-----
Fighting       | 2 3 |  3.3
Armour         | |  1.7
Dodging        | |  0.8
Stealth        | |  0.8
Evocations     | |  3.0

Action                     || total
---------------------------++-------
  Melee: Club              ||    79
         Punch             ||     2
         Staff             ||    18
  Evoke: Wand              ||     6
   Stab: Sleeping          ||     3
 Armour: Leather armour    ||    25
  Dodge: Dodged            ||    62
